Cogmind - Beta 17 @@@ ROGUE MODE // 2026.07.16 @ 07:17:02 // Winter2019/RPGLIKE Player: Gallgagger Result: Self-destructed Performance ------------- Evolutions (4) 2000 Regions Visited (20) 4000 Robots Destroyed (711) 3555 Value Destroyed (33380) 33380 Prototype IDs (44) 880 Alien Tech Used (0) 0 Bonus (24586) 24586 TOTAL SCORE: 68401 Bonus ------- Triggered High Security 2000 High Alert Combat Kills 20695 Follower Combat Kills 317 Hunted by Unchained 500 Entered Garrisons 800 Aligned with FarCom 300 Met Data Miner 300 Acquired ECA 300 Friendly Fire -626 Cogmind --------- Core Integrity 91/700 Matter 300/300 Energy 181/185 System Corruption 0% Temperature Cool (-90) Movement Flying (23) Location -6/Factory Parts ------- > --- POWER (2) -------- Light Ion Engine Light Fission Core > --- PROPULSION (5) --- VTOL Module Improved VTOL Module Improved VTOL Module Improved Cesium-ion Thruster Cooled VTOL Module > --- UTILITY (9) ------ Cryofiber Web Advanced Signal Interpreter Seismic Detector Weapon Cycler Weapon Cycler Transmission Jammer Improved Medium Armor Plating Improved Shield Generator System Restoration Module > --- WEAPON (2) ------- AD-0RF's Magmablaster Segregator > --- INVENTORY (4) ---- Enhanced Autogun Master Tearclaws Peak State ------------ > --- POWER ------------ Light Nuclear Core Light Fission Core > --- PROPULSION ------- VTOL Module Improved VTOL Module Improved VTOL Module Improved Cesium-ion Thruster Cooled VTOL Module > --- UTILITY ---------- Cryofiber Web Advanced Signal Interpreter Seismic Detector Weapon Cycler Weapon Cycler Transmission Jammer Improved Medium Armor Plating Focal Shield System Restoration Module > --- WEAPON ----------- Enhanced Autogun AD-0RF's Magmablaster > --- INVENTORY -------- Experimental Coolant Injector Segregator Master Tearclaws [Rating: 77] Favorites ----------- Power Light Nuclear Core Engine Ion Engine Power Core Light Nuclear Core Propulsion Improved VTOL Module Treads Light Treads Wheel Compact Wheel Hover Unit Cooled Aerolev Unit Flight Unit Improved VTOL Module Utility Weapon Cycler Device Weapon Cycler Processor Targeting Computer Protection Hardened Medium Armor Plating Weapon AD-0RF's Magmablaster Energy Gun Medium Laser Ballistic Gun Enhanced Autogun Launcher Mini Smartbomb Launcher Special Weapon AD-0RF's Magmablaster Slashing Weapon Segregator Piercing Weapon Kinetic Spear Special Melee Weapon Datajack Build | -11 -10 -10 -9 -9 -9 -8 -8 -8 -8 -8 -8 -8 -8 -8 -7 -7 -7 -7 -6 -6 ------- Run | Yrd Mat Min Mat Min Exi Min Mat Gar Mat Gar Mat Gar Mat Gar Fac Low Low Dat Pro Fac Slots Evolved 14 | 3 3 . 3 . . 1 . . . 1 . . 1 . . . . . . 2 Power 1 | . . . . . . . . . . . . . . . . . . . . 1 Propulsion 4 | 1 1 . . . . 1 . . . . . . . . . . . . . 1 Utility 8 | 1 2 . 3 . . . . . . 1 . . 1 . . . . . . . Weapon 1 | 1 . . . . . . . . . . . . . . . . . . . . Parts Attached 78 | 8 8 2 11 2 2 4 8 2 4 . 4 . 2 . 11 . 1 . 2 7 Power 7 | 1 . . 1 . . . . . . . . . . . 1 . 1 . . 3 Engine 3 | 1 . . . . . . . . . . . . . . . . . . . 2 Core 4 | . . . 1 . . . . . . . . . . . 1 . 1 . . 1 Reactor . | . . . . . . . . . . . . . . . . . . . . . Propulsion 20 | 3 4 . 3 . . 2 2 . 1 . . . . . 4 . . . . 1 Treads 2 | 2 . . . . . . . . . . . . . . . . . . . . Leg . | . . . . . . . . . . . . . . . . . . . . . Wheel 1 | 1 . . . . . . . . . . . . . . . . . . . . Hover 2 | . . . . . . . . . . . . . . . 2 . . . . . Flight 15 | . 4 . 3 . . 2 2 . 1 . . . . . 2 . . . . 1 Utility 36 | 1 3 1 6 1 . 1 6 1 3 . 3 . 2 . 4 . . . 2 2 Device 19 | 1 . . 1 1 . 1 4 1 3 . 1 . 1 . 2 . . . 1 2 Storage . | . . . . . . . . . . . . . . . . . . . . . Processor 3 | . 2 . . . . . . . . . . . . . 1 . . . . . Hackware . | . . . . . . . . . . . . . . . . . . . . . Protection 14 | . 1 1 5 . . . 2 . . . 2 . 1 . 1 . . . 1 . Artifact . | . . . . . . . . . . . . . . . . . . . . . Weapon 15 | 3 1 1 1 1 2 1 . 1 . . 1 . . . 2 . . . . 1 Energy Gun 4 | 2 1 . . 1 . . . . . . . . . . . . . . . . Energy Cannon . | . . . . . . . . . . . . . . . . . . . . . Ballistic Gun 5 | 1 . 1 . . 1 . . 1 . . 1 . . . . . . . . . Ballistic Cannon . | . . . . . . . . . . . . . . . . . . . . . Launcher 1 | . . . . . . . . . . . . . . . 1 . . . . . Special Weapon 1 | . . . . . . 1 . . . . . . . . . . . . . . Impact Weapon . | . . . . . . . . . . . . . . . . . . . . . Slashing Weapon 2 | . . . . . 1 . . . . . . . . . . . . . . 1 Piercing Weapon 1 | . . . . . . . . . . . . . . . 1 . . . . . Special Melee Weapon 1 | . . . 1 . . . . . . . . . . . . . . . . . Unidentified Prototypes 10 | . . . 1 . . 2 . . . . 1 . . . 6 . . . . . Corrupted Parts 1 | . . . . . . 1 . . . . . . . . . . . . . . System Corruption 4 | . . . . . . 4 . . . . . . . . . . . . . . Parts Lost 2 | . . . . . . . . . . . . . . . . . . . . 2 Power 2 | . . . . . . . . . . . . . . . . . . . . 2 Propulsion . | . . . . . . . . . . . . . . . . . . . . . Utility . | . . . . . . . . . . . . . . . . . . . . . Weapon . | . . . . . . . . . . . . . . . . . . . . . Highest Loss Streak 1 | . . . . . . . . . . . . . . . . . . . . 1 To Critical Strikes . | . . . . . . . . . . . . . . . . . . . . . Average Backups 2 | . . . 2 3 2 1 2 2 3 2 3 3 2 2 3 3 3 3 3 2 Power . | . . . . . . . . . . . . . . . . . . . . . Propulsion . | . . . . . . . . . . . . . . . . . . . . . Utility 1 | . . . 1 1 1 1 1 1 2 1 2 2 1 1 1 1 1 1 1 . Weapon 1 | . . . . 1 . . 1 1 1 1 1 1 1 1 2 2 1 1 1 1 Tool/Special . | . . . . . . . . . . . . . . . . . . . . . Unused Backups 2 | . . . . 1 . . . . . . . . . . . . . . . 1 Power . | . . . . . . . . . . . . . . . . . . . . . Propulsion . | . . . . . . . . . . . . . . . . . . . . . Utility . | . . . . . . . . . . . . . . . . . . . . . Weapon 1 | . . . . 1 . . . . . . . . . . . . . . . . Tool/Special 1 | . . . . . . . . . . . . . . . . . . . . 1 Average Slot Usage (%) 96 | . 92 100 98 100 91 91 91 92 97 98 98 100 96 97 98 93 93 93 96 97 Engine 1 | . 12 10 4 . . . . . . . . . . . . . . . . . Core 5 | . . . 3 7 7 7 7 7 7 6 6 6 6 5 6 6 6 6 6 7 Flight 25 | . 19 30 26 23 23 24 28 28 28 27 26 26 25 25 25 25 25 25 25 26 Device 31 | . 12 10 8 12 15 17 26 28 38 41 40 46 46 49 41 37 37 37 39 39 Processor 5 | . 7 20 16 15 15 14 1 . . . . . . . 5 6 6 6 6 5 Protection 10 | . 6 10 20 25 18 18 21 18 8 6 11 6 6 5 6 6 6 6 6 5 Energy Gun 2 | . 12 10 7 7 3 . . . . . . . . . . . . . . . Ballistic Gun 6 | . 12 10 8 7 6 3 . 2 7 6 6 6 6 6 5 6 6 6 6 3 Special Weapon 4 | . . . . . . 3 6 7 7 6 6 6 6 6 5 6 6 6 6 5 Peak Build Rating 77 | 6 10 12 25 27 38 45 47 51 57 60 61 60 70 70 75 67 68 67 71 77 Average Rating 50 | 3 7 11 20 26 30 35 43 46 53 57 57 60 64 68 69 67 67 67 68 73 On Entrance 45 | . 6 10 12 25 27 36 34 46 48 57 57 60 60 70 70 67 67 67 67 71 Avg Prop Armor Cover (%) 16 | 17 16 . 2 . . . . . . . . . . . . . . . . . Naked Turns . | . . . . . . . . . . . . . . . . . . . . . Heaviest Build 44 | 8 10 12 29 30 29 35 39 40 37 36 40 40 40 39 40 37 38 38 42 44 Greatest Support 45 | 25 22 22 29 34 34 38 40 40 40 40 40 40 40 40 41 41 43 41 41 45 Greatest Overweight (x) 1 | . . . . . . 1 . . . . . . . . 1 . . . 1 1 Average Overweight (x) . | . . . . . . . . . . . . . . . . . . . . . Largest Inventory Capacity 4 | 1 1 2 3 3 3 3 3 4 4 4 4 4 4 4 4 4 4 4 4 4 Average Capacity 3 | 1 1 1 2 3 3 3 3 3 4 4 4 4 4 4 4 4 4 4 4 4 Most Carried 4 | . 1 2 3 3 3 3 3 4 4 4 4 4 4 4 4 4 4 4 4 4 Average Carried 3 | . . 1 2 3 2 2 3 3 4 3 4 4 3 3 4 4 3 4 4 3 Final Capacity 4 | 1 1 2 3 3 3 3 3 4 4 4 4 4 4 4 4 4 4 4 4 4 Final Carried 4 | . . 2 3 3 3 3 3 4 4 4 4 4 4 4 4 4 4 4 4 3 Class Distribution -------------------- 53% | Scavenger-Sprinter 34% | Sprinter 9% | Mutant Dominant Class ---------------- Mutant | -10/Materials Mutant | -10/Mines Sprinter | -9/Materials Sprinter | -9/Mines Sprinter | -9/Exiles Sprinter | -8/Mines Sprinter | -8/Materials Commander-Sprinter | -8/Garrison Scavenger-Sprinter | -8/Materials Scavenger-Sprinter | -8/Garrison Scavenger-Sprinter | -8/Materials Scavenger-Sprinter | -8/Garrison Scavenger-Sprinter | -8/Materials Scavenger-Sprinter | -8/Garrison Scavenger-Sprinter | -7/Factory Sprinter | -7/Lower Caves Sprinter | -7/Lower Caves Scavenger-Sprinter | -7/Data Miner Scavenger-Sprinter | -6/Proximity Caves Scavenger-Sprinter | -6/Factory Resources | -11 -10 -10 -9 -9 -9 -8 -8 -8 -8 -8 -8 -8 -8 -8 -7 -7 -7 -7 -6 -6 ----------- Run | Yrd Mat Min Mat Min Exi Min Mat Gar Mat Gar Mat Gar Mat Gar Fac Low Low Dat Pro Fac Matter Collected 3786 | 285 166 51 930 179 . 130 120 58 93 104 90 326 40 712 208 . 22 144 28 100 Remotely . | . . . . . . . . . . . . . . . . . . . . . Salvage Created 20568 | 109 764 102 2466 307 . 131 1694 893 702 717 2362 729 2115 1704 4383 125 243 352 138 532 Parts 690 | 6 59 18 149 18 . 18 38 23 26 28 54 26 60 45 79 7 14 3 4 15 Haulers Intercepted 8 | . . . . . . . 4 . . . 1 . . . 2 . . . . 1 Recyclers Shooed 4 | 1 . . . . . 1 1 . . . . . . . 1 . . . . . Parts Field Recycled . | . . . . . . . . . . . . . . . . . . . . . Retrieved Matter . | . . . . . . . . . . . . . . . . . . . . . Parts Self-Destructed 22 | . . . . . . . . . . . . . . . . 5 13 . 4 . Prevented . | . . . . . . . . . . . . . . . . . . . . . Parts Restored . | . . . . . . . . . . . . . . . . . . . . . Kills | -11 -10 -10 -9 -9 -9 -8 -8 -8 -8 -8 -8 -8 -8 -8 -7 -7 -7 -7 -6 -6 ------- Run | Yrd Mat Min Mat Min Exi Min Mat Gar Mat Gar Mat Gar Mat Gar Fac Low Low Dat Pro Fac Combat Hostiles Destroyed 683 | . 29 10 62 7 . 9 50 31 31 26 78 30 73 62 149 7 10 3 3 13 Melee 5 | . . . . . . 3 . . . . . . . 2 . . . . . . Guns 114 | . 29 10 61 7 . 6 . . . . . . . 1 . . . . . . Cannons 309 | . . . . . . . 24 17 22 17 46 16 41 43 64 2 6 . . 11 Classes Destroyed 24 | 2 2 . 4 1 . . 6 3 1 1 . . . 2 1 1 . . . . Worker 7 | . . . . . . . 1 . . . 1 . . . 1 . . . . 4 Builder 4 | . . . . . . . 1 . . . . . 1 . 1 . . . . 1 Tunneler 2 | 1 . . . . . . . . . . . . . . . . . . . 1 Hauler 8 | . . . . . . . 4 . . . 1 . . . 2 . . . . 1 Recycler 2 | 1 . . . . . . . . . . . . . . 1 . . . . . Carrier 7 | . . . . . . . . . . 1 1 . . 1 4 . . . . . Mechanic 1 | . . . . . . . . . . . . . . . 1 . . . . . Operator 2 | . . . . . . . . . 2 . . . . . . . . . . . Watcher 5 | . . . . . . . . 1 . . 1 . 1 . 1 . . . . 1 Swarmer 97 | . 6 10 . . . 6 4 3 8 11 8 11 3 13 5 2 3 . . 4 Cutter 9 | . . . . . . . 2 . . . . . . . 7 . . . . . Saboteur 5 | . . . . . . . . . . . . . . 5 . . . . . . Grunt 325 | . 23 . 47 3 . 3 29 12 15 2 42 10 41 18 72 . 3 . 2 3 Brawler 28 | . . . 3 . . . . 1 2 . 6 . 3 1 12 . . . . . Duelist 20 | . . . 1 1 . . . 1 1 1 5 . 1 1 8 . . . . . Protector 17 | . . . 1 . . . . . 1 . 2 . 3 . 10 . . . . . Sentry 102 | . . . 10 1 . . 9 6 4 7 15 3 19 12 13 . . . 1 2 Demolisher 3 | . . . . 2 . . . . . . . . . . 1 . . . . . Specialist 7 | . . . . . . . . 4 . . . . . 1 2 . . . . . Hunter 21 | . . . . . . . 5 1 . 3 . 1 2 . 7 1 . . . 1 Programmer 33 | . . . . . . . . 3 . 2 . 5 . 10 11 . . . . 2 Heavy 4 | . . . . . . . 1 . . . . . 1 . 1 . . . . 1 Behemoth 2 | . . . . . . . . . . . . . . 1 . . 1 . . . Enhanced Grunt 3 | . . . . . . . . . . . . . . . . . . 3 . . Thief 1 | . . . . . . . . . . . . . . . . 1 . . . . Master Thief 3 | . . . . . . . . . . . . . . . . . 3 . . . Thug 5 | . . . 1 1 . . . . . . . . . . . 3 . . . . Best Kill Streak 41 | 2 8 3 12 2 . 3 9 6 9 12 41 6 22 18 26 3 3 2 2 5 Combat Bots Only 40 | . 8 3 12 2 . 3 7 6 8 12 40 6 14 18 25 3 3 2 2 4 Max Kills in Single Turn 3 | 1 1 1 1 1 . 2 2 2 1 2 2 3 2 1 2 1 1 1 1 2 Gunslinging . | . . . . . . . . . . . . . . . . . . . . . Exploded . | . . . . . . . . . . . . . . . . . . . . . Melee 1 | . . . . . . 1 . . . . . . . 1 . . . . . . Uniques/NPCs Destroyed . | . . . . . . . . . . . . . . . . . . . . . Combat | -11 -10 -10 -9 -9 -9 -8 -8 -8 -8 -8 -8 -8 -8 -8 -7 -7 -7 -7 -6 -6 -------- Run | Yrd Mat Min Mat Min Exi Min Mat Gar Mat Gar Mat Gar Mat Gar Fac Low Low Dat Pro Fac Hostile Shots Fired 1405 | . 120 16 178 21 . 38 78 65 43 51 75 54 110 105 265 6 79 5 2 94 Missed 645 | . 34 8 72 7 . 12 39 34 21 21 37 25 50 42 140 5 51 2 1 44 Hits 760 | . 86 8 106 14 . 26 39 31 22 30 38 29 60 63 125 1 28 3 1 50 Melee 21 | . . . 4 1 . . 3 . . . 1 . . 3 8 1 . . . . Projectile 739 | . 86 8 102 13 . 26 36 31 22 30 37 29 60 60 117 . 28 3 1 50 AOE 7 | . . . . 6 . . . . . . . . . . 1 . . . . . Critical Strikes 34 | . . . 5 2 . 1 3 3 1 1 2 1 6 2 5 . . . . 2 Actively Blocked 1 | . . . 1 . . . . . . . . . . . . . . . . . Part Disruptions 2 | . . . . . . 1 . . . . . . . 1 . . . . . . Damage Taken 10299 | . 957 65 1433 310 . 175 447 433 211 322 594 375 720 599 1736 16 466 143 18 1279 Core 6998 | . 787 53 883 174 . 110 241 284 135 222 333 275 484 395 1184 16 333 124 14 951 Absorbed by Shields 1344 | . . . . 89 . 70 153 152 76 13 . 4 215 227 148 . . . . 197 Redirected to Core 5614 | . 501 39 715 160 . 88 210 202 97 194 300 204 368 367 981 . 312 74 14 788 Redirected to Shielding 90 | . 9 . 58 15 . 2 6 . . . . . . . . . . . . . Ignored by Resistances 7 | . . . . . . . . . . . . . . . . . . . . 7 Core Remaining (%) 96 | 100 . 100 . . . 100 . . . . . . . 100 . . . . 81 . Volleys Fired 1556 | 5 86 13 160 28 . . 84 63 67 66 121 118 114 247 259 14 30 41 6 34 Largest 2 | 2 2 2 2 2 . . 1 1 1 1 2 1 1 1 1 1 1 2 1 1 Hottest 245 | 60 70 75 75 81 . . 220 220 220 220 245 220 220 220 220 220 220 245 220 220 Shots Fired 1883 | 10 172 26 316 57 . 33 84 63 67 66 124 118 114 247 259 14 30 43 6 34 Gun 936 | 10 172 26 316 57 . 33 . 7 10 27 3 74 . 158 2 . 3 36 2 . Cannon . | . . . . . . . . . . . . . . . . . . . . . Launcher . | . . . . . . . . . . . . . . . . . . . . . Special 947 | . . . . . . . 84 56 57 39 121 44 114 89 257 14 27 7 4 34 Kinetic 646 | 5 86 13 159 28 . 33 . 7 10 27 3 74 . 158 2 . 3 36 2 . Thermal 1237 | 5 86 13 157 29 . . 84 56 57 39 121 44 114 89 257 14 27 7 4 34 Explosive . | . . . . . . . . . . . . . . . . . . . . . Electromagnetic . | . . . . . . . . . . . . . . . . . . . . . Robot Hit Streak 110 | 4 39 5 100 17 . 33 71 31 60 45 82 50 82 110 95 32 15 22 17 46 Robot Miss Streak 5 | 2 2 2 1 3 . 2 2 1 4 2 2 2 1 5 2 4 4 1 1 1 Penetration Max . | . . . . . . . . . . . . . . . . . . . . . Secondary Targets 5 | . 2 1 2 . . . . . . . . . . . . . . . . . Max Gunslinging Chain 1 | . 1 1 1 . . . . . . . . . . . . . . . . . Autonomous 33 | . . . . . . 33 . . . . . . . . . . . . . . Shots Hit Robots 1469 | 7 148 13 291 42 . 36 83 47 51 39 121 44 110 85 259 14 28 9 6 36 Core Hits 1377 | 4 57 10 105 16 . 16 100 56 63 38 169 40 155 106 357 13 21 8 6 37 Critical Kills 1 | . . . 1 . . . . . . . . . . . . . . . . . Critical Parts Destroyed 1 | . . . . 1 . . . . . . . . . . . . . . . . Critical Strikes 23 | . 4 . 16 3 . . . . . . . . . . . . . . . . Burn 21 | . 4 . 15 2 . . . . . . . . . . . . . . . . Destroy 2 | . . . 1 1 . . . . . . . . . . . . . . . . Melee Attacks 14 | . . . 1 . 1 10 . . . . . . . . . . . . . 2 Thermal 2 | . . . . . . . . . . . . . . . . . . . . 2 Impact . | . . . . . . . . . . . . . . . . . . . . . Slashing 11 | . . . . . 1 10 . . . . . . . . . . . . . . Piercing . | . . . . . . . . . . . . . . . . . . . . . Sneak Attacks 1 | . . . 1 . . . . . . . . . . . . . . . . . Combat Hostiles . | . . . . . . . . . . . . . . . . . . . . . Follow-up Attacks . | . . . . . . . . . . . . . . . . . . . . . Damage Inflicted 47347 | 74 1585 179 4466 701 . 1144 3573 2315 1904 1437 5126 1734 4665 3788 11360 548 938 192 221 1397 Guns 8304 | 74 1585 179 4466 701 . 963 . . 112 21 49 . . 14 28 . 56 17 39 . Cannons . | . . . . . . . . . . . . . . . . . . . . . Explosions . | . . . . . . . . . . . . . . . . . . . . . Melee 181 | . . . . . . 181 . . . . . . . . . . . . . . Ramming 92 | . . . . . . . . 92 . . . . . . . . . . . . Kinetic 4838 | 42 566 59 2507 365 . 963 . . 112 21 49 . . 14 28 . 56 17 39 . Thermal 42236 | 32 1019 120 1959 336 . . 3573 2223 1792 1416 5077 1734 4665 3774 11332 548 882 175 182 1397 Explosive . | . . . . . . . . . . . . . . . . . . . . . Electromagnetic . | . . . . . . . . . . . . . . . . . . . . . Impact . | . . . . . . . . . . . . . . . . . . . . . Slashing 181 | . . . . . . 181 . . . . . . . . . . . . . . Piercing . | . . . . . . . . . . . . . . . . . . . . . Highest Corruption 10 | . . . 6 6 6 10 . 1 3 1 . . . 1 1 . . . . . Average Corruption 5 | . . . 5 6 6 7 . 1 1 1 . . . 1 1 . . . . . Corruption Purged 7 | . . . . . . . . . 3 1 . . . 2 1 . . . . . Corruption Blocked . | . . . . . . . . . . . . . . . . . . . . . Effects 84 | . . . 48 16 2 12 . . 5 . . . . 1 . . . . . . Message Errors 20 | . . . 9 7 2 2 . . . . . . . . . . . . . . Matter Fused 18 | . . . 12 3 . 1 . . 2 . . . . . . . . . . . Heat Flow Errors 6 | . . . 1 2 . 3 . . . . . . . . . . . . . . Energy Discharges 10 | . . . 6 . . 1 . . 2 . . . . 1 . . . . . . Parts Rejected 3 | . . . 3 . . . . . . . . . . . . . . . . . Data Loss (minor) 8 | . . . 4 1 . 2 . . 1 . . . . . . . . . . . Data Loss (major) 8 | . . . 3 2 . 3 . . . . . . . . . . . . . . Misfires 3 | . . . 2 1 . . . . . . . . . . . . . . . . Alerts 2 | . . . 2 . . . . . . . . . . . . . . . . . Weapon Failures 6 | . . . 6 . . . . . . . . . . . . . . . . . Overload Shots . | . . . . . . . . . . . . . . . . . . . . . Overflow Damage 146 | . . . . . . . 9 . 6 4 33 . 9 14 31 4 23 . . 13 Projectiles 146 | . . . . . . . 9 . 6 4 33 . 9 14 31 4 23 . . 13 Explosions . | . . . . . . . . . . . . . . . . . . . . . Melee . | . . . . . . . . . . . . . . . . . . . . . Knockbacks . | . . . . . . . . . . . . . . . . . . . . . Impact . | . . . . . . . . . . . . . . . . . . . . . Kinetic . | . . . . . . . . . . . . . . . . . . . . . Secondary . | . . . . . . . . . . . . . . . . . . . . . Self-Inflicted Damage 92 | . . . . . . . . 92 . . . . . . . . . . . . Shots . | . . . . . . . . . . . . . . . . . . . . . Rammed . | . . . . . . . . . . . . . . . . . . . . . Targets Rammed . | . . . . . . . . . . . . . . . . . . . . . Kicked . | . . . . . . . . . . . . . . . . . . . . . Crushed . | . . . . . . . . . . . . . . . . . . . . . Highest Temperature 306 | . 5 . 97 206 . 206 109 . . . 72 27 10 22 306 . . . . 2 Average Temperature 35 | . 3 . 12 20 . 84 22 . . . 25 15 6 15 110 . . . . 2 Received Heat Transfer 3210 | . 474 . 684 43 . 93 145 153 75 27 288 69 392 150 485 . 69 . 9 54 Siege Activations . | . . . . . . . . . . . . . . . . . . . . . Martial Activations . | . . . . . . . . . . . . . . . . . . . . . Shielding Activations . | . . . . . . . . . . . . . . . . . . . . . Robots Disrupted 76 | . . . . . . . 4 . 4 1 10 5 9 10 28 1 . 1 . 3 Combat Hostiles 69 | . . . . . . . 3 . 4 . 9 5 8 9 27 1 . 1 . 2 Robots Corrupted . | . . . . . . . . . . . . . . . . . . . . . Combat Hostiles . | . . . . . . . . . . . . . . . . . . . . . Parts Fried . | . . . . . . . . . . . . . . . . . . . . . Impact Corruptions . | . . . . . . . . . . . . . . . . . . . . . Robots Melted 268 | . . . 1 . . . 27 14 9 10 33 14 33 17 92 5 4 3 3 3 Combat Hostiles 255 | . . . 1 . . . 26 14 9 9 32 14 32 16 85 5 4 3 3 2 Parts Melted 827 | . 4 . 8 1 . . 74 53 35 31 94 39 97 89 256 9 4 6 3 24 Heat Transferred 238949 | 75 2766 333 6528 999 . . 22000 12488 11052 7944 31124 10000 27956 21037 65687 3360 5360 1600 1120 7520 Parts Sabotaged 8 | . . . . . . . . . . . . . . 8 . . . . . . Parts Stolen . | . . . . . . . . . . . . . . . . . . . . . Parts Stripped . | . . . . . . . . . . . . . . . . . . . . . Power Chain Reactions . | . . . . . . . . . . . . . . . . . . . . . Alert | -11 -10 -10 -9 -9 -9 -8 -8 -8 -8 -8 -8 -8 -8 -8 -7 -7 -7 -7 -6 -6 ------- Run | Yrd Mat Min Mat Min Exi Min Mat Gar Mat Gar Mat Gar Mat Gar Fac Low Low Dat Pro Fac Maximum Alert Level 5 | . 2 1 5 2 . . 4 5 5 5 5 5 5 5 5 . . . . 1 Low Security (%) 11 | 100 31 . 7 . . 100 16 . . . . . . . . . . . . 60 Level 1 9 | . 24 100 12 . . . 16 . . . . . . . . . . . . 39 Level 2 10 | . 44 . 17 100 . . 15 . . . . . . . . . . . . . Level 3 8 | . . . 33 . . . 32 22 7 . 4 . . . . . . . . . Level 4 12 | . . . 26 . . . 18 30 55 51 28 . 9 . . . . . . . Level 5 36 | . . . 3 . . . . 46 29 48 4 100 63 100 73 . . . . . High Security 10 | . . . . . . . . . 6 . 62 . 27 . 26 . . . . . Max Security . | . . . . . . . . . . . . . . . . . . . . . Sterilizations 5 | . . . 1 . . . 1 . . . 1 . 1 . 1 . . . . . Peak Influence 5382 | 10 656 391 1635 672 . 122 1249 2141 1674 2136 2986 3148 3104 3977 5382 . . . . 235 Initial 2087 | . . 246 128 633 . . 13 800 1043 1100 1041 1940 1534 2017 2087 . . . . . Average 1659 | 1 337 322 831 608 . 60 669 1532 1438 1633 1978 2598 2148 3176 3190 . . . . 158 Influence Increases 20607 | 10 972 245 2057 209 . 222 1634 1401 881 1036 2085 1208 1872 1990 3898 72 234 . 95 486 Destroy 0b10 Robot/C 13520 | . 580 200 1220 160 . 180 1000 800 600 540 1540 600 1400 1260 2860 60 160 . 80 280 Destroy 0b10 Robot/NC 250 | 10 . . 5 . . . 30 5 15 . 25 . 25 . 85 . 5 . 5 40 Destroy Leader 2452 | . 140 30 310 30 . 30 288 20 140 50 304 70 292 80 534 10 30 . 10 84 Allied During Kill 228 | . . . . 19 . . 3 108 9 4 25 . . . . 2 9 . . 49 Successful Hack 243 | . 12 . . . . . . 44 4 42 4 28 15 20 74 . . . . . Select Force Hacks 890 | . 180 . 290 . . . 190 . 80 . 30 . 120 . . . . . . . Disable Machine 120 | . . . . . . . . 15 15 30 . 30 . 30 . . . . . . Anti-Garrison Action 1300 | . . . . . . . . 300 . 300 . 400 . 300 . . . . . . Destroy Structure 254 | . . . 7 . . 12 3 64 3 40 7 20 5 90 . . . . . 3 Partial Spotted 510 | . . . 90 . . . 15 . . 15 90 30 15 105 120 . . . . 30 Lose Combat Pursuer 840 | . 60 15 135 . . . 105 45 15 15 60 30 . 105 225 . 30 . . . Influence Decreases 20449 | 10 340 546 762 1239 596 188 437 491 1348 586 1235 1046 1916 1117 2493 2198 965 2525 95 316 Entered New Map 16182 | . . 386 203 993 596 . 21 431 1098 586 1095 1046 1614 1087 1890 1992 619 2525 . . Time Decay 4027 | 10 340 160 559 246 . 188 386 . 230 . 120 . 302 . 583 206 326 . 95 276 Lost Part 20 | . . . . . . . . . . . . . . . . . . . . 20 Lost Ally 220 | . . . . . . . 30 60 20 . 20 . . 30 20 . 20 . . 20 Squads Dispatched 143 | . 11 . 19 . . . 15 . 10 . 19 . 16 . 47 . . . . 6 Investigation 54 | . 10 . 14 . . . 10 . 4 . 4 . 6 . 6 . . . . . Extermination 6 | . . . . . . . . . . . . . . . 4 . . . . 2 Reinforcement 16 | . 1 . 1 . . . 2 . 1 . 1 . 1 . 7 . . . . 2 Assault 49 | . . . 4 . . . . . 5 . 8 . 6 . 24 . . . . 2 Garrison 18 | . . . . . . . 3 . . . 6 . 3 . 6 . . . . . Intercept . | . . . . . . . . . . . . . . . . . . . . . Searches Triggered . | . . . . . . . . . . . . . . . . . . . . . Unchained Authorized 1 | . . . . . . . . . . . . . . . . . . . . 1 Construction Impeded 1 | . . . . . . . . . . . 1 . . . . . . . . . Haulers Reinforced 1 | . . . . . . . . . . . . . . . . . . . . 1 Active Scanning Responses . | . . . . . . . . . . . . . . . . . . . . . Cargo Convoy Interrupts 1 | . . . . . . . . . . . . . . . 1 . . . . . Stealth | -11 -10 -10 -9 -9 -9 -8 -8 -8 -8 -8 -8 -8 -8 -8 -7 -7 -7 -7 -6 -6 --------- Run | Yrd Mat Min Mat Min Exi Min Mat Gar Mat Gar Mat Gar Mat Gar Fac Low Low Dat Pro Fac Distress Signals 22 | . 5 . 4 1 . . 5 . . . 1 . 4 . 1 . . . . 1 Communications Jammed 5 | . . . . . . . . . . . . . . . . . . . . 5 Distress Signals 4 | . . . . . . . . . . . . . . . . . . . . 4 Times Spotted 897 | . 41 13 88 8 . 14 69 37 39 27 101 29 89 60 220 11 15 4 1 31 Peak Tracking Total 12 | . 10 3 8 3 10 4 8 9 6 4 10 4 12 8 11 4 6 2 1 11 Tactical Retreats 45 | . 2 1 6 . 1 5 5 1 1 1 3 2 . 5 9 1 2 . . . Traps | -11 -10 -10 -9 -9 -9 -8 -8 -8 -8 -8 -8 -8 -8 -8 -7 -7 -7 -7 -6 -6 ------- Run | Yrd Mat Min Mat Min Exi Min Mat Gar Mat Gar Mat Gar Mat Gar Fac Low Low Dat Pro Fac Traps Triggered 25 | . 2 . 3 . . . . 9 1 4 1 1 . . 2 . . . . 2 Indirectly . | . . . . . . . . . . . . . . . . . . . . . Trap Hack Attempts 60 | . . . 60 . . . . . . . . . . . . . . . . . Triggered . | . . . . . . . . . . . . . . . . . . . . . Disarmed . | . . . . . . . . . . . . . . . . . . . . . Reprogrammed 5 | . . . 5 . . . . . . . . . . . . . . . . . Reused 5 | . . . . . . 5 . . . . . . . . . . . . . . Traps Extracted 5 | . . . 5 . . . . . . . . . . . . . . . . . Installed 5 | . . . . . . 5 . . . . . . . . . . . . . . Triggered . | . . . . . . . . . . . . . . . . . . . . . Most Traps Carried 5 | . . . 5 5 5 5 . . . . . . . . . . . . . . Machines | -11 -10 -10 -9 -9 -9 -8 -8 -8 -8 -8 -8 -8 -8 -8 -7 -7 -7 -7 -6 -6 ---------- Run | Yrd Mat Min Mat Min Exi Min Mat Gar Mat Gar Mat Gar Mat Gar Fac Low Low Dat Pro Fac Machines Disabled 34 | . . . . . 1 . . 7 1 7 . 9 . 8 . . . 1 . . Max in Single Turn 2 | . . . . . 1 . . 2 1 1 . 1 . 1 . . . 1 . . Garrison Access 1 | . . . . . . . . . . . . . . . . . . . . 1 Garrison Relay 22 | . . . . . . . . 4 . 5 . 7 . 6 . . . . . . Phase Generator 1 | . . . . . . . . 1 . . . . . . . . . . . . Machines Repaired . | . . . . . . . . . . . . . . . . . . . . . Machines Dismantled . | . . . . . . . . . . . . . . . . . . . . . Machines Sabotaged 10 | . 3 . 4 . . . 2 . 1 . . . . . . . . . . . Overloaded Fab Kills . | . . . . . . . . . . . . . . . . . . . . . Hacking | -11 -10 -10 -9 -9 -9 -8 -8 -8 -8 -8 -8 -8 -8 -8 -7 -7 -7 -7 -6 -6 --------- Run | Yrd Mat Min Mat Min Exi Min Mat Gar Mat Gar Mat Gar Mat Gar Fac Low Low Dat Pro Fac Machines Accessed 85 | . 9 2 13 . 1 . 12 4 4 4 4 3 10 3 9 . 1 4 1 1 Terminals 55 | . 7 . 9 . . . 7 4 2 4 2 3 5 3 7 . 1 . 1 . Fabricators 3 | . . . . . . . . . . . . . . . 2 . . . . 1 Repair Stations 3 | . 1 . 1 . . . 1 . . . . . . . . . . . . . Recycling Units 6 | . 1 . 1 . . . 2 . . . . . 2 . . . . . . . Scanalyzers 7 | . . . 2 . . . 1 . 1 . 1 . 2 . . . . . . . Garrison Access 4 | . . . . . . . 1 . 1 . 1 . 1 . . . . . . . Total Hacks 160 | . 14 2 19 . 1 . 18 8 8 8 8 5 13 3 24 . 2 25 1 1 Successful 102 | . 10 2 11 . 1 . 12 3 4 3 3 2 11 3 8 . 2 25 1 1 Failed 58 | . 4 . 8 . . . 6 5 4 5 5 3 2 . 16 . . . . . Catastrophic 11 | . 1 . 3 . . . . . . 2 . 1 . . 4 . . . . . Database Lockouts . | . . . . . . . . . . . . . . . . . . . . . Manual 95 | . 14 . 20 . 1 . 16 . 5 . 7 . 12 . 19 . . . . 1 Terminals 98 | . 12 . 14 . . . 10 8 4 8 6 5 8 3 17 . 2 . 1 . Fabricators 8 | . . . . . . . . . . . . . . . 7 . . . . 1 Repair Stations 4 | . 1 . 1 . . . 2 . . . . . . . . . . . . . Recycling Units 8 | . 1 . 2 . . . 3 . . . . . 2 . . . . . . . Scanalyzers 7 | . . . 2 . . . 1 . 1 . 1 . 2 . . . . . . . Garrison Access 7 | . . . . . . . 2 . 3 . 1 . 1 . . . . . . . Terminal Hacks 47 | . 2 2 . . 1 . . 3 . 3 . 2 1 3 2 . 2 25 1 . Record 14 | . . . . . . . . . . . . . . . . . 2 11 1 . Part Schematic 8 | . . . . . . . . . . . . . . . . . . 8 . . Robot Schematic 3 | . . . . . . . . . . . . . . . . . . 3 . . Robot Analysis 3 | . 2 . . . . . . . . . . . . . 1 . . . . . Prototype ID Bank 3 | . . . . . . . . . . . . . . . . . . 3 . . Open Door 3 | . . 2 . . . . . . . . . . . 1 . . . . . . Branch Access Points 1 | . . . . . . . . . . . . . . . 1 . . . . . Emergency Access Points 4 | . . . . . . . . 1 . 1 . 1 . 1 . . . . . . Garrison Index 1 | . . . . . . . . . . . . . 1 . . . . . . . Garrison Registry 4 | . . . . . . . . 1 . 1 . 1 . 1 . . . . . . Patrol Navigation 1 | . . . . . . . . . . 1 . . . . . . . . . . Security Stations 1 | . . . . . . . . 1 . . . . . . . . . . . . Proto ID Catalog 1 | . . . . . 1 . . . . . . . . . . . . . . . Fabricator Hacks . | . . . . . . . . . . . . . . . . . . . . . Repair Station Hacks . | . . . . . . . . . . . . . . . . . . . . . Recycling Unit Hacks . | . . . . . . . . . . . . . . . . . . . . . Scanalyzer . | . . . . . . . . . . . . . . . . . . . . . Garrison Access Hacks 4 | . . . . . . . 1 . 1 . 1 . 1 . . . . . . . Unlock Access 4 | . . . . . . . 1 . 1 . 1 . 1 . . . . . . . Unauthorized Hacks 50 | . 8 . 11 . . . 10 . 3 . 2 . 9 . 6 . . . . 1 Terminals 32 | . 6 . 7 . . . 6 . 2 . 1 . 5 . 5 . . . . . Assimilate 6 | . . . . . . . 1 . . . . . 3 . 2 . . . . . Botnet 3 | . . . . . . . . . . . . . . . 3 . . . . . Sabotage 17 | . 5 . 5 . . . 3 . 2 . . . 2 . . . . . . . Search 6 | . 1 . 2 . . . 2 . . . 1 . . . . . . . . . Fabricators 2 | . . . . . . . . . . . . . . . 1 . . . . 1 Haulers 2 | . . . . . . . . . . . . . . . 1 . . . . 1 Repair Stations 3 | . 1 . 1 . . . 1 . . . . . . . . . . . . . Patch 3 | . 1 . 1 . . . 1 . . . . . . . . . . . . . Recycling Units 6 | . 1 . 1 . . . 2 . . . . . 2 . . . . . . . Tunnel 6 | . 1 . 1 . . . 2 . . . . . 2 . . . . . . . Scanalyzers 7 | . . . 2 . . . 1 . 1 . 1 . 2 . . . . . . . Extract 7 | . . . 2 . . . 1 . 1 . 1 . 2 . . . . . . . Garrison Access . | . . . . . . . . . . . . . . . . . . . . . Data Cores Recovered 1 | . . . . . . . . . 1 . . . . . . . . . . . Used . | . . . . . . . . . . . . . . . . . . . . . Hacking Detections 34 | . 3 . 4 . . . 3 3 2 3 2 3 3 . 7 . . . 1 . Full Trace Events 14 | . 1 . 2 . . . 1 1 1 1 1 1 . . 5 . . . . . Feedback Events 1 | . . . . . . . . . . 1 . . . . . . . . . . Corruption 1 | . . . . . . . . . . 1 . . . . . . . . . . Feedback Blocked . | . . . . . . . . . . . . . . . . . . . . . Robot Schematics Acquired 3 | . . . . . . . . . . . . . . . . . . 3 . . Robots Built . | . . . . . . . . . . . . . . . . . . . . . Authchips . | . . . . . . . . . . . . . . . . . . . . . Time . | . . . . . . . . . . . . . . . . . . . . . Total Robot Build Rating . | . . . . . . . . . . . . . . . . . . . . . Part Schematics Acquired 35 | . . . 3 . . . 2 . 4 . 3 . 15 . . . . 8 . . Parts Built . | . . . . . . . . . . . . . . . . . . . . . Authchips . | . . . . . . . . . . . . . . . . . . . . . Time . | . . . . . . . . . . . . . . . . . . . . . Total Part Build Rating . | . . . . . . . . . . . . . . . . . . . . . Part Studies Acquired . | . . . . . . . . . . . . . . . . . . . . . Parts Repaired . | . . . . . . . . . . . . . . . . . . . . . Time . | . . . . . . . . . . . . . . . . . . . . . Parts Recycled . | . . . . . . . . . . . . . . . . . . . . . Recycled Matter . | . . . . . . . . . . . . . . . . . . . . . Retrieved Matter . | . . . . . . . . . . . . . . . . . . . . . Retrieved Components . | . . . . . . . . . . . . . . . . . . . . . Parts Scanalyzed . | . . . . . . . . . . . . . . . . . . . . . Part Schematics Acquired . | . . . . . . . . . . . . . . . . . . . . . Parts Damaged . | . . . . . . . . . . . . . . . . . . . . . Bothacking | -11 -10 -10 -9 -9 -9 -8 -8 -8 -8 -8 -8 -8 -8 -8 -7 -7 -7 -7 -6 -6 ------------ Run | Yrd Mat Min Mat Min Exi Min Mat Gar Mat Gar Mat Gar Mat Gar Fac Low Low Dat Pro Fac Used RIF Installer . | . . . . . . . . . . . . . . . . . . . . . Robots Hacked 1 | . . . 1 . . . . . . . . . . . . . . . . . Non-combat 1 | . . . 1 . . . . . . . . . . . . . . . . . Combat . | . . . . . . . . . . . . . . . . . . . . . Robot Hacks Applied 1 | . . . 1 . . . . . . . . . . . . . . . . . parse_system 1 | . . . 1 . . . . . . . . . . . . . . . . . Relay Couplers Released 35 | . . . . . . . . 6 . 7 . 11 . 11 . . . . . . Machine Destruction 35 | . . . . . . . . 6 . 7 . 11 . 11 . . . . . . Fabnet Peak Effective % . | . . . . . . . . . . . . . . . . . . . . . Robots Rewired 12 | . . . . . . . 1 7 1 . . . . . 1 1 . 1 . . Allies Hacked . | . . . . . . . . . . . . . . . . . . . . . Hacks Repelled . | . . . . . . . . . . . . . . . . . . . . . Allies | -11 -10 -10 -9 -9 -9 -8 -8 -8 -8 -8 -8 -8 -8 -8 -7 -7 -7 -7 -6 -6 -------- Run | Yrd Mat Min Mat Min Exi Min Mat Gar Mat Gar Mat Gar Mat Gar Fac Low Low Dat Pro Fac Total Allies 25 | . . . . 2 . . 2 7 1 1 . . 3 . 3 1 . 1 . 4 Largest Group 7 | . . . . 2 . . 1 7 1 1 1 . 3 3 1 1 1 1 1 5 Highest-Rated Group 203 | . . . . 46 . . 16 125 16 20 20 . 46 46 107 12 12 96 96 203 Highest-Rated Ally 107 | . . . . 31 . . 16 21 16 20 20 . 26 26 107 12 12 96 96 96 Initial Warlord ECA Mod 36 | . . . . . . . . . 7 7 16 16 27 27 36 36 36 36 35 35 Total Orders 17 | . . . . . . . . . . . . . 10 . 7 . . . . . STAY 15 | . . . . . . . . . . . . . 9 . 6 . . . . . FOLLOW 2 | . . . . . . . . . . . . . 1 . 1 . . . . . Ally Attacks 85 | . . . . 3 . . 1 35 1 . . . . . . 7 16 . 5 17 Total Damage 1668 | . . . . 62 . . 16 552 . . . . . . 40 92 135 . 298 473 Kills 15 | . . . . 1 . . . 9 . . . . . . . 2 1 . 1 1 Allies Corrupted 1 | . . . . . . . . . . . . . . . . . . . . 1 Allies Melted 1 | . . . . . . . . . . . . . . . 1 . . . . . Intel | -11 -10 -10 -9 -9 -9 -8 -8 -8 -8 -8 -8 -8 -8 -8 -7 -7 -7 -7 -6 -6 ------- Run | Yrd Mat Min Mat Min Exi Min Mat Gar Mat Gar Mat Gar Mat Gar Fac Low Low Dat Pro Fac Active Infowar (turns) 14233 | 18 864 336 1644 525 81 400 903 823 517 385 648 475 935 971 2439 432 738 108 362 629 Seismic 14233 | 18 864 336 1644 525 81 400 903 823 517 385 648 475 935 971 2439 432 738 108 362 629 Jamming 794 | . . . . . . . . . . . . . . . . . . . 165 629 ECM 2 | . . . . . . . . . . . . . . . 2 . . . . . Robot Analysis Total 3 | . 2 . . . . . . . . . . . . . 1 . . . . . Derelict Logs Recovered 6 | . . . . 3 . . . . . . . . . . . 1 1 . 1 . Drone Launches . | . . . . . . . . . . . . . . . . . . . . . Drone Recoveries . | . . . . . . . . . . . . . . . . . . . . . Exploration | -11 -10 -10 -9 -9 -9 -8 -8 -8 -8 -8 -8 -8 -8 -8 -7 -7 -7 -7 -6 -6 ------------- Run | Yrd Mat Min Mat Min Exi Min Mat Gar Mat Gar Mat Gar Mat Gar Fac Low Low Dat Pro Fac Turns Passed 14292 | 59 864 336 1644 525 81 413 903 823 517 385 648 475 935 976 2439 432 738 108 362 629 Spaces Moved 24667 | 58 783 776 1553 824 238 841 1591 1495 886 571 1078 869 1658 1670 3471 1233 2520 116 876 1560 Core 104 | 52 52 . . . . . . . . . . . . . . . . . . . Treads 1 | 1 . . . . . . . . . . . . . . . . . . . . Legs . | . . . . . . . . . . . . . . . . . . . . . Wheels 5 | 5 . . . . . . . . . . . . . . . . . . . . Hover 1 | . . . . . . . . . . . . . . . 1 . . . . . Flight 24556 | . 731 776 1553 824 238 841 1591 1495 886 571 1078 869 1658 1670 3470 1233 2520 116 876 1560 Fastest Speed 23 | 50 34 34 30 30 30 28 26 26 26 26 26 26 26 26 26 26 23 26 26 23 Average Speed 27 | 56 43 34 30 30 30 29 26 26 26 26 26 26 26 26 26 26 25 26 26 23 Slowest Speed 160 | 160 60 34 37 30 30 103 28 26 26 26 26 26 26 26 105 26 26 26 93 96 Overloaded Moves 83 | . . . . . . . . . . . . . . . . . 83 . . . Propulsion Burnouts . | . . . . . . . . . . . . . . . . . . . . . Robots Hopped 282 | . 9 6 28 11 . 9 34 1 14 . 21 1 48 7 63 2 9 . . 19 Potential Cave-ins . | . . . . . . . . . . . . . . . . . . . . . Cave-ins Triggered . | . . . . . . . . . . . . . . . . . . . . . Exploration Rate (%) 77 | 3 89 93 93 96 62 97 96 90 49 82 74 76 88 87 53 98 97 77 99 31 Regions Visited 20 Branch Regions 8 Pre-discovered Areas 13 | . 1 . 1 3 . . 2 . . . . . 2 . . 2 . 1 1 . Known Exits Taken 9 | . . . . . . . 1 . 1 . 1 . 1 . 1 1 1 1 1 . Unknown Exits Taken 7 | 1 1 1 1 1 1 1 . . . . . . . . . . . . . . Scrap Searched 22 | . . 1 . 3 . 1 . . . . . . . . . 7 6 . 4 . Spaces Dug . | . . . . . . . . . . . . . . . . . . . . . Terrain Destroyed 79 | . . . . . . 13 . 65 1 . . . . . . . . . . . Melee . | . . . . . . . . . . . . . . . . . . . . . Projectile 14 | . . . . . . 13 . . 1 . . . . . . . . . . . AOE 65 | . . . . . . . . 65 . . . . . . . . . . . . Terrain Rammed 1 | . . . . . . . . 1 . . . . . . . . . . . . Walls Destroyed 1 | . . . . . . . . 1 . . . . . . . . . . . . Machines Disabled . | . . . . . . . . . . . . . . . . . . . . . Actions | -11 -10 -10 -9 -9 -9 -8 -8 -8 -8 -8 -8 -8 -8 -8 -7 -7 -7 -7 -6 -6 --------- Run | Yrd Mat Min Mat Min Exi Min Mat Gar Mat Gar Mat Gar Mat Gar Fac Low Low Dat Pro Fac Total 30101 | 70 1144 818 2402 1040 247 981 1874 1808 1070 753 1286 1059 1987 2084 4651 1326 2565 180 1002 1754 Wait 3044 | . 224 21 567 186 . 96 183 33 92 45 59 37 209 102 870 72 14 18 107 109 Move 24103 | 57 764 763 1496 803 237 822 1524 1492 858 570 1038 866 1564 1655 3347 1228 2505 115 875 1524 Hop 262 | . 9 6 28 9 . 9 32 1 13 . 18 1 45 7 60 2 5 . . 17 Pick Up 21 | . 3 3 4 1 . 4 . . . . . . 1 2 . . 1 . . 2 Fast Attach 49 | 6 4 . 8 1 2 2 2 2 1 1 3 . 2 7 2 . . . 1 5 Attach 6 | . . . . . 1 3 . . . . . . 1 1 . . . . . . Detach 4 | . . . . . 2 . . 1 . 1 . . . . . . . . . . Swap 71 | 2 4 2 11 2 . 4 10 1 4 . 5 . 1 . 18 . 1 . 1 5 Drop 44 | . 5 2 6 2 4 6 5 2 1 1 1 . 2 1 2 . 1 . . 3 Fire 1556 | 5 86 13 160 28 . . 84 63 67 66 121 118 114 247 259 14 30 41 6 34 Melee 14 | . . . 1 . 1 10 . . . . . . . . . . . . . 2 Ram 1 | . . . . . . . . 1 . . . . . . . . . . . . Kick . | . . . . . . . . . . . . . . . . . . . . . Crush . | . . . . . . . . . . . . . . . . . . . . . Escape Stasis 227 | . . . . . . . . 135 . 58 . 15 . . . . . . . 19 Rewire 102 | . . . . . . . 7 53 13 . . . 3 15 3 2 . 6 . . Trap 65 | . . . 60 . . 5 . . . . . . . . . . . . . . Miscellaneous 532 | . 45 8 61 8 . 20 27 24 21 11 41 22 45 47 90 8 8 . 12 34 Route ------- -11/Scrapyard -10/Materials (discovered 5 exits: *Mat x3 / *Min / [*Sub]) -10/Mines -9/Materials (discovered 5 exits: *Mat x3 / [*Min x2]) -9/Mines (discovered 3 exits: *Mat x2 / *Exi) -9/Exiles (discovered 2 exits: [*Min x2]) -8/Mines (discovered 2 exits: *Mat x2) -8/Materials (discovered 5 exits: *Fac x3 / [*Sto] / Gar) -8/Garrison (discovered 4 exits: *Mat x4) -8/Materials (discovered 4 exits: *Fac x2 / [*Sto] / Gar) -8/Garrison (discovered 3 exits: *Mat x3) -8/Materials (discovered 2 exits: [*Sto] / Gar) -8/Garrison (discovered 3 exits: *Mat x3) -8/Materials (discovered 6 exits: *Fac x3 / [*Sto x2] / Gar) -8/Garrison (discovered 3 exits: *Fac x3) -7/Factory (discovered 4 exits: *Fac x2 / *Low x2) -7/Lower Caves -7/Lower Caves (discovered 2 exits: *Fac / *Dat) -7/Data Miner -6/Proximity Caves -6/Factory (discovered 2 exits: *Fac / Low) History --------- Turn | Location | Event 1 | -11/Scrapyard | Upgraded with Propulsion slot (x1) 1 | -11/Scrapyard | Upgraded with Utility slot (x1) 1 | -11/Scrapyard | Upgraded with Weapon slot (x1) 8 | -11/Scrapyard | Discovered new exit (range 14) 60 | -11/Scrapyard | Entered Materials 125 | -10/Materials | Discovered new exit (range 16) 308 | -10/Materials | Build established: Mutant 358 | -10/Materials | Reached level 2 390 | -10/Materials | Destroyed 8 combat bots 399 | -10/Materials | Upgraded with Utility slot (x1) 464 | -10/Materials | Discovered new exit (range 11) 559 | -10/Materials | Discovered new exit (range 5) 630 | -10/Materials | Discovered new exit (range 10) 657 | -10/Materials | Discovered new exit (range 6) 659 | -10/Materials | Reached level 3 853 | -10/Materials | Reached level 4 874 | -10/Materials | Upgraded with Propulsion slot (x1) 874 | -10/Materials | Upgraded with Utility slot (x1) 924 | -10/Materials | Entered Mines 946 | -10/Mines | Met a Derelict bent on vengeance 952 | -10/Mines | Discovered new exit (range 8) 958 | -10/Mines | Found the Drone Emporium 1049 | -10/Mines | Met a Derelict who couldn't figure out how to use a Trap Extractor 1129 | -10/Mines | Reached level 5 1260 | -10/Mines | Entered Materials 1262 | -9/Materials | Reached level 6 1484 | -9/Materials | Discovered new exit (range 9) 1523 | -9/Materials | Reached level 7 1588 | -9/Materials | Upgraded with Utility slot (x1) 1629 | -9/Materials | Build established: Sprinter 1665 | -9/Materials | Reached level 8 1678 | -9/Materials | Upgraded with Utility slot (x1) 1690 | -9/Materials | Destroyed 7 combat bots 1734 | -9/Materials | Discovered new exit (range 8) 2060 | -9/Materials | First assault squad dispatched 2256 | -9/Materials | Reached level 9 2302 | -9/Materials | Discovered new exit (range 12) 2623 | -9/Materials | Reached level 10 2660 | -9/Materials | Sterilization system engaged 2660 | -9/Materials | Non-combat units ordered to evacuate 2692 | -9/Materials | Destroyed 12 combat bots 2701 | -9/Materials | Discovered new exit (range 15) 2760 | -9/Materials | Combat units ordered to evacuate 2825 | -9/Materials | Discovered new exit (range 16) 2833 | -9/Materials | Upgraded with Utility slot (x1) 2904 | -9/Materials | Entered Mines 2905 | -9/Mines | Assembled infested the area 2909 | -9/Mines | Learned location of Zion (-6) 2927 | -9/Mines | Received a Rocket Launcher from a helpful Derelict 3024 | -9/Mines | Discovered new exit (range 8) 3027 | -9/Mines | Learned location of 1 exit from Materials 3033 | -9/Mines | Learned location of Storage (-8) 3047 | -9/Mines | Joined a pair of Derelicts in attacking an 0b10 outpost 3156 | -9/Mines | Deemed a non-threat by the Exiles lab entrance 3157 | -9/Mines | Discovered new exit (range 5) 3200 | -9/Mines | Discovered new exit (range 10) 3429 | -9/Mines | Entered Exiles 3434 | -9/Exiles | Discovered new exit (range 15) 3438 | -9/Exiles | Met 8R-AWN 3442 | -9/Exiles | Met EX-HEX 3450 | -9/Exiles | Met EX-BIN 3454 | -9/Exiles | Aligned with FarCom system 3455 | -9/Exiles | Given EX-Vault access code 3462 | -9/Exiles | Opened EX-Vault 3465 | -9/Exiles | Found AWS/Gauss 3473 | -9/Exiles | Warned to stay clear of 0b10 Research branches 3483 | -9/Exiles | Met EX-DEC 3496 | -9/Exiles | Attacked by the Exiles 3506 | -9/Exiles | Discovered new exit (range 14) 3510 | -9/Exiles | Left Exiles lab with AWS/Gauss 3510 | -9/Exiles | Entered Mines 3512 | -8/Mines | Reached level 11 3568 | -8/Mines | AD-0RF came to Exiles' defense 3646 | -8/Mines | Discovered new exit (range 13) 3746 | -8/Mines | Found Corrupted Prototype Special Weapon 3746 | -8/Mines | Identified AD-0RF's Magmablaster 3747 | -8/Mines | System corruption reached 10% 3775 | -8/Mines | Upgraded with Propulsion slot (x1) 3841 | -8/Mines | Discovered new exit (range 6) 3923 | -8/Mines | Entered Materials 3924 | -8/Materials | Identified exit to Factory 3925 | -8/Materials | Reached level 12 4128 | -8/Materials | Garrison activated, responded to threat 4151 | -8/Materials | Discovered exit to Factory (range 16) 4220 | -8/Materials | Reached level 13 4234 | -8/Materials | Discovered new exit (range 15) 4295 | -8/Materials | Destroyed 7 combat bots 4365 | -8/Materials | Discovered exit to Factory (range 8) 4528 | -8/Materials | Identified exit to Garrison 4713 | -8/Materials | Reached level 14 4806 | -8/Materials | Sterilization system engaged 4806 | -8/Materials | Non-combat units ordered to evacuate 4826 | -8/Materials | Entered Garrison 4872 | -8/Garrison | Triggered checkpoint 5000 | -8/Garrison | Triggered checkpoint 5130 | -8/Garrison | Triggered checkpoint 5136 | -8/Garrison | Triggered checkpoint 5139 | -8/Garrison | Discovered new exit (range 5) 5139 | -8/Garrison | Triggered checkpoint 5165 | -8/Garrison | Discovered new exit (range 14) 5179 | -8/Garrison | Triggered checkpoint 5183 | -8/Garrison | Lost 3 allies 5283 | -8/Garrison | Discovered new exit (range 11) 5290 | -8/Garrison | Build established: Commander-Sprinter 5342 | -8/Garrison | Triggered checkpoint 5378 | -8/Garrison | Triggered checkpoint 5394 | -8/Garrison | Discovered new exit (range 14) 5433 | -8/Garrison | Phase Generator disabled 5436 | -8/Garrison | Learned Materials security intel 5456 | -8/Garrison | Garrison Relay disabled 5480 | -8/Garrison | Discovered new exit (range 77) 5480 | -8/Garrison | Discovered new exit (range 50) 5480 | -8/Garrison | Discovered new exit (range 20) 5480 | -8/Garrison | Discovered new exit (range 34) 5485 | -8/Garrison | Garrison Relay disabled 5485 | -8/Garrison | Reached level 15 5516 | -8/Garrison | Garrison Relay disabled 5539 | -8/Garrison | Garrison Relay disabled 5582 | -8/Garrison | Triggered checkpoint 5649 | -8/Garrison | Entered Materials 5695 | -8/Materials | Build established: Scavenger-Sprinter 5728 | -8/Materials | Discovered new exit (range 5) 5744 | -8/Materials | Destroyed 8 combat bots 5748 | -8/Materials | Discovered exit to Factory (range 16) 5854 | -8/Materials | Discovered exit to Factory (range 10) 5872 | -8/Materials | Identified exit to Garrison 5929 | -8/Materials | Destroyed 7 combat bots 6049 | -8/Materials | First assault squad dispatched 6132 | -8/Materials | High security lockdown imminent 6166 | -8/Materials | Entered Garrison 6175 | -8/Garrison | Garrison Relay disabled 6194 | -8/Garrison | Triggered checkpoint 6305 | -8/Garrison | Destroyed 12 combat bots 6336 | -8/Garrison | Triggered checkpoint 6377 | -8/Garrison | Rescued a captive Derelict 6381 | -8/Garrison | Garrison Relay disabled 6389 | -8/Garrison | Discovered new exit (range 12) 6389 | -8/Garrison | Discovered new exit (range 43) 6389 | -8/Garrison | Discovered new exit (range 85) 6404 | -8/Garrison | Triggered checkpoint 6432 | -8/Garrison | Reached level 16 6439 | -8/Garrison | Garrison Relay disabled 6444 | -8/Garrison | Upgraded with Utility slot (x1) 6450 | -8/Garrison | Triggered checkpoint 6495 | -8/Garrison | Garrison Relay disabled 6503 | -8/Garrison | Triggered checkpoint 6551 | -8/Garrison | Entered Materials 6551 | -8/Materials | Accompanied by 1 ally 6622 | -8/Materials | Garrison activated, responded to threat 6669 | -8/Materials | Identified exit to Garrison 6685 | -8/Materials | Destroyed 16 combat bots 6782 | -8/Materials | Discovered new exit (range 9) 6792 | -8/Materials | High security lockdown imminent 6872 | -8/Materials | High security lockdown engaged 6934 | -8/Materials | Garrison activated, responded to threat 7023 | -8/Materials | Sterilization system engaged 7023 | -8/Materials | Non-combat units ordered to evacuate 7123 | -8/Materials | Combat units ordered to evacuate 7131 | -8/Materials | Destroyed 40 combat bots 7199 | -8/Materials | Entered Garrison 7209 | -8/Garrison | Garrison Relay disabled 7261 | -8/Garrison | Triggered checkpoint 7308 | -8/Garrison | Garrison Relay disabled 7318 | -8/Garrison | Garrison Relay disabled 7336 | -8/Garrison | Garrison Relay disabled 7370 | -8/Garrison | Reached level 17 7378 | -8/Garrison | Discovered new exit (range 13) 7459 | -8/Garrison | Discovered new exit (range 32) 7459 | -8/Garrison | Discovered new exit (range 34) 7459 | -8/Garrison | Discovered new exit (range 55) 7490 | -8/Garrison | Garrison Relay disabled 7503 | -8/Garrison | Triggered checkpoint 7511 | -8/Garrison | Triggered checkpoint 7515 | -8/Garrison | Garrison Relay disabled 7535 | -8/Garrison | Triggered checkpoint 7547 | -8/Garrison | Garrison Relay disabled 7595 | -8/Garrison | Triggered checkpoint 7674 | -8/Garrison | Entered Materials 7675 | -8/Materials | Discovered new exit (range 11) 7739 | -8/Materials | Upgraded with Utility slot (x1) 7815 | -8/Materials | Destroyed 7 combat bots 7815 | -8/Materials | Discovered exit to Factory (range 10) 7876 | -8/Materials | Identified exit to Garrison 7994 | -8/Materials | Garrison activated, responded to threat 8068 | -8/Materials | Discovered exit to Factory (range 16) 8074 | -8/Materials | First assault squad dispatched 8325 | -8/Materials | Destroyed 9 combat bots 8351 | -8/Materials | High security lockdown imminent 8396 | -8/Materials | Discovered exit to Factory (range 14) 8414 | -8/Materials | Discovered new exit (range 10) 8431 | -8/Materials | High security lockdown engaged 8450 | -8/Materials | Destroyed 12 combat bots 8482 | -8/Materials | Sterilization system engaged 8482 | -8/Materials | Non-combat units ordered to evacuate 8501 | -8/Materials | Destroyed 8 combat bots 8582 | -8/Materials | Combat units ordered to evacuate 8603 | -8/Materials | Destroyed 14 combat bots 8609 | -8/Materials | Entered Garrison 8609 | -8/Garrison | Accompanied by 3 allies 8644 | -8/Garrison | Discovered exit to Factory (range 37) 8644 | -8/Garrison | Discovered exit to Factory (range 85) 8644 | -8/Garrison | Discovered exit to Factory (range 69) 8649 | -8/Garrison | Garrison Relay disabled 8655 | -8/Garrison | Triggered checkpoint 8667 | -8/Garrison | Triggered checkpoint 8675 | -8/Garrison | Triggered checkpoint 8722 | -8/Garrison | Destroyed 8 combat bots 8839 | -8/Garrison | Triggered checkpoint 8947 | -8/Garrison | Triggered checkpoint 8972 | -8/Garrison | Destroyed 18 combat bots 9027 | -8/Garrison | Garrison Relay disabled 9034 | -8/Garrison | Triggered checkpoint 9147 | -8/Garrison | Triggered checkpoint 9152 | -8/Garrison | Garrison Relay disabled 9156 | -8/Garrison | Garrison Relay disabled 9227 | -8/Garrison | Triggered checkpoint 9263 | -8/Garrison | Triggered checkpoint 9277 | -8/Garrison | Garrison Relay disabled 9278 | -8/Garrison | Garrison Relay disabled 9386 | -8/Garrison | Destroyed 10 combat bots 9417 | -8/Garrison | Triggered checkpoint 9465 | -8/Garrison | Spotted B-75 Beast 9478 | -8/Garrison | Destroyed B-75 Beast 9509 | -8/Garrison | Triggered checkpoint 9585 | -8/Garrison | Entered Factory 9587 | -7/Factory | Reached level 18 9739 | -7/Factory | Discovered new exit (range 15) 9745 | -7/Factory | Identified exit to Factory 9771 | -7/Factory | Discovered new exit (range 13) 9774 | -7/Factory | Identified exit to Lower Caves 9852 | -7/Factory | Destroyed 8 combat bots 9879 | -7/Factory | Garrison activated, responded to threat 9937 | -7/Factory | Destroyed 8 combat bots 9938 | -7/Factory | Discovered exit to Factory (range 15) 9985 | -7/Factory | First assault squad dispatched 10959 | -7/Factory | Cargo convoy interrupted 11012 | -7/Factory | Destroyed 14 combat bots 11152 | -7/Factory | Reached level 19 11387 | -7/Factory | High security lockdown imminent 11397 | -7/Factory | Destroyed 15 combat bots 11409 | -7/Factory | Found Prototype Launcher 11409 | -7/Factory | Identified Mni. Smartbomb Launcher 11467 | -7/Factory | High security lockdown engaged 11553 | -7/Factory | Garrison activated, responded to threat 11632 | -7/Factory | Specialist reinforcements revealed to be Infiltrators 11696 | -7/Factory | Destroyed 25 combat bots 11810 | -7/Factory | Destroyed 12 combat bots 11824 | -7/Factory | Sterilization system engaged 11824 | -7/Factory | Non-combat units ordered to evacuate 11853 | -7/Factory | Build established: Sprinter 11875 | -7/Factory | Destroyed 10 combat bots 11924 | -7/Factory | Combat units ordered to evacuate 11964 | -7/Factory | Destroyed 13 combat bots 12024 | -7/Factory | Entered Lower Caves 12030 | -7/Lower Caves | Met a Warlord Commander 12031 | -7/Lower Caves | Learned location of Warlord (-5) 12032 | -7/Lower Caves | Warlord Commander delivered Encrypted Comm Array 12035 | -7/Lower Caves | Encountered a Warlord checkpoint 12182 | -7/Lower Caves | Discovered new exit (range 16) 12450 | -7/Lower Caves | Identified exit to Lower Caves 12456 | -7/Lower Caves | Entered another Lower Caves area 12456 | -7/Lower Caves | Accompanied by 1 ally 12599 | -7/Lower Caves | Encountered a Master Thief 12619 | -7/Lower Caves | Discovered exit to Factory (range 9) 12621 | -7/Lower Caves | Spotted B-75 Beast 12635 | -7/Lower Caves | Encountered a Master Thief 12635 | -7/Lower Caves | Encountered a Master Thief 12636 | -7/Lower Caves | Encountered a Master Thief 12637 | -7/Lower Caves | Encountered a Master Thief 13058 | -7/Lower Caves | Destroyed B-75 Beast 13120 | -7/Lower Caves | Discovered new exit (range 10) 13123 | -7/Lower Caves | Identified exit to Data Miner 13194 | -7/Lower Caves | Entered Data Miner 13194 | -7/Data Miner | Discovered new exit (range 6) 13196 | -7/Data Miner | Reached level 20 13199 | -7/Data Miner | Met Data Miner 13209 | -7/Data Miner | Learned location of Section 7 (-2) 13209 | -7/Data Miner | Acquired the access code to Warlord's prototype stash 13211 | -7/Data Miner | Received God Mode back door access code from Data Miner 13223 | -7/Data Miner | Data Conduit disabled 13240 | -7/Data Miner | Core integrity fell below 50% 13285 | -7/Data Miner | Identified exit to Proximity Caves 13302 | -7/Data Miner | Entered Proximity Caves 13302 | -6/Proximity Caves | Accompanied by 1 ally 13351 | -6/Proximity Caves | Build established: Scavenger-Sprinter 13392 | -6/Proximity Caves | Discovered exit to Factory (range 7) 13664 | -6/Proximity Caves | Entered Factory 13664 | -6/Factory | Accompanied by 1 ally 13665 | -6/Factory | Identified exit to Lower Caves 13723 | -6/Factory | Watched by a mysterious "MATRIX" hacker 13781 | -6/Factory | Upgraded with Power slot (x1) 13781 | -6/Factory | Upgraded with Propulsion slot (x1) 13848 | -6/Factory | Unchained authorized (DW-4LL) 13918 | -6/Factory | Discovered new exit (range 16) 13951 | -6/Factory | Identified exit to Factory 14008 | -6/Factory | DW-4LL burst out of a wall 14008 | -6/Factory | Spotted DW-4LL 14010 | -6/Factory | Core integrity fell below 50% 14055 | -6/Factory | Core integrity fell below 20% 14284 | -6/Factory | DW-4LL burst out of a wall 14293 | -6/Factory | Self-destructed Last Messages --------------- 14271_ Imp. Heat Sink melted. 14271_ Shock Rifle melted. 14271_ P-60 Hacker destroyed. 14273_ Acquired 5 matter. 14275_ K-01 Serf cleans the Fabricator. 14279_ C-45 Heavy ARC bursts open, deploying its payload. 14279_ G-67 Veteran unfolds itself. 14279_ G-50 Soldier unfolds itself. 14279_ M-28 Smith unfolds itself. 14283_ C-45 Heavy ARC bursts open, deploying its payload. 14283_ G-67 Veteran unfolds itself. 14283_ G-50 Soldier unfolds itself. 14283_ M-28 Smith unfolds itself. DW-4LL bursts from the wall. DW-4LL: "THEREYOUARE. HEREIAM. LETSDOTHIS." 14287_ O-24 Administrator distress signal jammed. 14287_ O-24 Administrator: "IFF HANDSHAKE FAILED. SECURING TERMINAL." 14287_ O-24 Administrator distress signal jammed. 14292_ ALERT: Hostiles spotted, dispatching reinforcements to Terminal F005. Map ----- +----------------------------------------------------+ | ????????????????????????????????????????? | | ????????????????????????????????????????? | | ???????#############????????????????????? | | ??????# #????????????????????? | | ??????# #????????????????????? | | ??????# """ """ ##########????????? ?? | | ??????# """ """ # #???????? | | ??????# """ """ # ]#???????? | | ??????# # #???????? | | ??????# """ """ # #???????? | | ??????# """ """ # #???????? | | ??????# """ """ # #???????? | | ??????# # #???????? | | ??????# ! # #???????# | | ??????# # #?####??# | | ??????###########+######+######T #### | | ?????????????# | | ?????????????# | | ?????????????# | | ?????????????# | | ?????????????# 8 | | ????????????########### ######### | | ????????????#! *!! # # # | | ????????????# /! ! # # """"" # | | ????????????# /! # # """"" + | | ????????????# @ # # """ # | | ????############/###### # " | | ????? # #????# # !# | | ?????""" # #????# t # ""o # | | ?????""" //[ # ###### # "T # | | ?????""" /[[ # = # "" # | | ????"""" /[[ # # "" # | | ????"""" + g ggg # | | ????"""" ! # ##m#+#### | | ??? # ##% #??# | | ??# ##### " " ## #??# | | ??# #???# "R" ## #### | | ??# [ #???# """ ## | | ??# #???########### | | ??##############?????????????# | | ?????????????????????????????# | | ?????????????????????????????# | | ????????????????????########## | | ????????????????????# | | ????????????????????# % | | ????????????????????# """ A | | ????????????????????# "G | | ????????????????????# | | ???????????########### | | ????????# # | +----------------------------------------------------+ Best States ------------- Heat Dissipation 119 Coolant Potential 120 Energy Generation 42 Energy Capacity 250 Matter Stores 300 Matter Capacity 300 Sight Range 16 Robot Scan Range 20 Terrain Scan Density 10 Jamming Range 12 Base Temperature (-) 100 Armor Coverage 600 Resistance: KI 30 Resistance: TH 30 Propulsion Shielding 33 Utility Shielding 33 Weapon Cycling 30 Evasion (%) 65 Targeting Accuracy 10 Recoil Reduction 1 Trap Extractor Capacity 6 Item Schematics ----------------- Hover Unit | -9/Materials | Extracted VTOL Module | -9/Materials | Extracted Imp. Targeting Computer | -9/Materials | Extracted Nuclear Core | -8/Materials | Extracted Hvy. Flail | -8/Materials | Extracted Seismic Detector | -8/Materials | Extracted Imp. Utility Shielding | -8/Materials | Extracted Reflective Plating | -8/Materials | Extracted Imp. Flight Unit | -8/Materials | Extracted Minigun | -8/Materials | Extracted Lrg. Matter Pod | -8/Materials | Extracted Rocket Launcher | -8/Materials | Extracted Lgt. Deuterium Engine | -8/Materials | Extracted Field Recycling Unit | -8/Materials | Extracted Imp. Assault Rifle | -8/Materials | Extracted Weapon Shielding | -8/Materials | Extracted Imp. Terrain Scan Processor | -8/Materials | Extracted Adv. Targeting Computer | -8/Materials | Extracted Airjet | -8/Materials | Extracted Deuterium Engine | -8/Materials | Extracted Imp. Signal Interpreter | -8/Materials | Extracted Targeting Computer | -8/Materials | Extracted Adv. Beam Rifle | -8/Materials | Extracted Hvy. Particle Cannon | -8/Materials | Extracted Lgt. Treads | -8/Materials | Extracted Great Maul | -8/Materials | Extracted Hardlight Generator | -8/Materials | Extracted Combat Drone Bay | -7/Data Miner | Free Lgt. Regenerative Plating | -7/Data Miner | Free Exp. Targeting Computer | -7/Data Miner | Free Biomechanical Wings | -7/Data Miner | Free Force Rifle | -7/Data Miner | Free Gyrokinetic Inverter | -7/Data Miner | Free Imp. Shock Absorption System | -7/Data Miner | Free Hvy. Shock Bomb Launcher | -7/Data Miner | Free Robot Schematics ------------------ D-53 Grenadier | -7/Data Miner | Free A-15 Conveyor | -7/Data Miner | Free H-66 Slayer | -7/Data Miner | Free Fabricated ------------ Nothing Repaired ---------- Nothing Studied --------- None Alien Tech Used ----------------- None Achievements -------------- None Challenges ------------ None RPGLIKE | -11 -10 -10 -9 -9 -9 -8 -8 -8 -8 -8 -8 -8 -8 -8 -7 -7 -7 -7 -6 -6 --------- Run | Yrd Mat Min Mat Min Exi Min Mat Gar Mat Gar Mat Gar Mat Gar Fac Low Low Dat Pro Fac Levels Raised 19 | . 3 1 5 . . 1 3 1 . 1 . 1 . . 2 . . 1 . . XP Earned 32769 | 3000 4600 1572 7797 490 117 1223 3840 1556 720 739 1057 506 616 596 2790 111 158 68 342 871 XP Spent 31485 | 2870 4400 500 6950 1730 . 1100 3250 1000 . 2300 . . 2600 . 2825 . . . . 1960 Upgrades 56 | 11 6 1 5 2 . 1 9 1 . 1 . . 1 . 14 . . . . 4 Power Slot 1 | . . . . . . . . . . . . . . . . . . . . 1 Propulsion Slot 4 | 1 1 . . . . 1 . . . . . . . . . . . . . 1 Utility Slot 8 | 1 2 . 3 . . . . . . 1 . . 1 . . . . . . . Weapon Slot 1 | 1 . . . . . . . . . . . . . . . . . . . . Core Integrity 2 | . . . . . . . . . . . . . . . . . . . . 2 Heat Dissipation 15 | 4 . . . 1 . . 6 . . . . . . . 4 . . . . . Energy Generation 3 | 1 . . . . . . 2 . . . . . . . . . . . . . Mass Support 4 | 1 1 . 1 1 . . . . . . . . . . . . . . . . Inventory Capacity 4 | 1 . 1 1 . . . . 1 . . . . . . . . . . . . Sensor Range 10 | . . . . . . . . . . . . . . . 10 . . . . . Ranged Accuracy 4 | 1 2 . . . . . 1 . . . . . . . . . . . . . Protomatter Created 7749 | . 486 72 834 76 . 147 413 353 307 133 921 165 927 517 1973 88 105 . 86 146 Integrity Restored 9565 | . 940 75 1202 168 . 393 430 420 226 163 603 447 789 887 1635 133 121 . 258 675 Core 6389 | . 787 53 883 168 . 116 241 284 135 108 353 275 577 396 1179 21 99 . 258 456 Parts 3176 | . 153 22 319 . . 277 189 136 91 55 250 172 212 491 456 112 22 . . 219 Protomatter Decayed 3564 | . 153 61 171 40 . 108 220 196 197 40 467 13 411 175 1096 13 61 . . 142 Game ------ Seed DecoderFactoryArticulator Manual? 1 Play Time 02:57:51 Cumulative 666.8 hours Start 2026.07.15 @ 09:14:25 End 2026.07.16 @ 07:17:02 Sessions 5 Manual Loads 0 Difficulty Rogue Special Mode Winter2019/RPGLIKE Game No. 302 Rogue 148 Adventurer 154 Explorer 0 Win Type - Total 22 Types 4/5/4/3/2/1/0/1/1/1 Lore% 95 Gallery% 88 Achievement% 68 Wizard Run 0 Options --------- Layout 0 ASCII 0 Keyboard 0 Movement Numpad Keybinds 0 Fullscreen 2 Font 18/SmallcapsGlow Map View 76x50 Zoom Use 0% Tactical HUD 1 Map Filters NONE Filters NONE Steam 1 RUN: 3a5c7e0a-80e1-4776-b35d-42caa9a4cb22